 Dungeon Crawl Stone Soup version 0.30-a0-711-gf4ac18a38d (webtiles) character file.

Game seed: 4198766810895837831

3892 Lobster4 the Chiller (level 10, -2/76 HPs)
             Began as a Human Wanderer on Jan 22, 2023.
             Was an Initiate of Nemelex Xobeh.
             Killed by divine providence
             ... invoked by an orc priest
              (13 damage)
             ... on level 8 of the Dungeon.
             The game lasted 00:25:02 (7382 turns).

Lobster4 the Chiller (Human Wanderer)               Turns: 7382, Time: 00:25:02

Health: -2/76      AC: 14    Str: 12    XL:     10   Next: 42%
Magic:  18/18      EV: 13    Int: 22    God:    Nemelex Xobeh [......]
Gold:   207        SH:  7    Dex: 19    Spells: 16/20 levels left

rFire   + . .      SeeInvis .    a - +8 short sword of the Old World {flame, rF+ Str+2 Dex+3}
rCold   . . .      Faith    .    c - +1 buckler {AC+3}
rNeg    . . .      Spirit   .    h - +0 leather armour
rPois   +          Reflect  .    x - +1 hat
rElec   .          Harm     .    u - +1 cloak {rPois}
rCorr   .          Rampage  .    j - +1 pair of gloves
Will    +....                    H - +1 pair of boots
Stlth   +++                      (no amulet)
HPRegen 0.32/turn                p - ring "Esmur" {rPois Will+ Int+6 Stlth+}
MPRegen 0.16/turn                (no ring)

@: flying
A: no striking features
a: Renounce Religion, Draw Escape, Draw Destruction, Draw Summoning


You were on level 8 of the Dungeon.
You worshipped Nemelex Xobeh.
Nemelex Xobeh was noncommittal.
You visited 2 branches of the dungeon, and saw 9 of its levels.

You collected 490 gold pieces.
You spent 283 gold pieces at shops.

Inventory:

Hand Weapons
 a - the +8 short sword of the Old World (weapon) {flame, rF+ Str+2 Dex+3}
   (You took it off an orc on level 5 of the Dungeon)

   Str:       It affects your strength (+2).
   Dex:       It affects your dexterity (+3).
   rF:        It protects you from fire.
 d - a +0 sling
 i - a +1 spectral short sword
 D - a +2 long sword of holy wrath
 E - the +1 spear of the Past {antimagic, rElec Int+5 Stlth+}
   (You found it on level 7 of the Dungeon)

   Int:       It affects your intelligence (+5).
   rElec:     It insulates you from electricity.
   Stlth:     It makes you more stealthy.
 J - a +0 short sword of venom
Missiles
 t - 3 boomerangs (quivered)
 v - 2 boomerangs of dispersal
 B - a throwing net
 L - 8 poisoned darts
Armour
 c - a +1 buckler of protection (worn)
 h - a +0 leather armour (worn)
 j - a +1 pair of gloves (worn)
 m - +0 fire dragon scales
 s - a +0 ring mail
 u - a +1 cloak of poison resistance (worn)
 x - a +1 hat (worn)
 H - a +1 pair of boots (worn)
 K - the +0 ring mail "Seawka" {Fly Will- Regen+ Int+3}
   (You took it off an orc on level 7 of the Dungeon)

   Int:       It affects your intelligence (+3).
   Fly:       It grants you flight.
   Regen:     It increases your rate of health regeneration.
   Will:      It decreases your willpower.
Magical Staves
 M - a staff of fire
Jewellery
 p - the ring "Esmur" (left hand) {rPois Will+ Int+6 Stlth+}
   (You found it on level 2 of the Dungeon)

   [ring of intelligence]

   Int:       It affects your intelligence (+6).
   rPois:     It protects you from poison.
   Will:      It increases your willpower.
   Stlth:     It makes you more stealthy.
Wands
 f - a wand of iceblast (6)
 y - a wand of polymorph (14)
 G - a wand of flame (27)
Scrolls
 b - a scroll of brand weapon
 o - a scroll of poison
 q - 3 scrolls of identify
 r - 2 scrolls of silence
 w - a scroll of teleportation
 F - a scroll of torment {unknown}
 I - a scroll of enchant armour
 N - a scroll of fear {unknown}
Potions
 e - a potion of haste {unknown}
 g - a potion of resistance
 k - 3 potions of flight
 l - 3 potions of heal wounds {unknown}
 n - 2 potions of cancellation {unknown}
 z - 3 potions of curing
 A - a potion of lignification {unknown}
 C - a potion of attraction {unknown}


   Skills:
 + Level 5.9 Fighting
 - Level 5.0 Short Blades
 - Level 2.0 Throwing
 - Level 4.0 Armour
 - Level 4.0 Dodging
 - Level 3.0 Stealth
 - Level 5.0 Shields
 + Level 5.5 Spellcasting
 + Level 6.1 Ice Magic
 + Level 3.6 Invocations
 - Level 1.0 Evocations


You had 16 spell levels left.
You knew the following spells:

 Your Spells              Type           Power      Damage    Failure   Level
a - Freeze                Ice            100%       1d10      1%          1
b - Ozocubu's Armour      Ice            32%        N/A       3%          3

Your spell library contained the following spells:

 Spells                   Type           Power      Damage    Failure   Level
 Magic Dart               Conj           24%        1d4       16%         1
 Lesser Beckoning         Tloc           12%        N/A       24%         2
 Searing Ray              Conj           12%        2d4       24%         2
 Sublimation of Blood     Necr           6%         N/A       24%         2
 Wereblood                Tmut           6%         N/A       24%         2
 Gell's Gravitas          Tloc           6%         N/A       43%         3
 Teleport Other           Tloc           6%         N/A       43%         3
 Tukima's Dance           Hex            6%         N/A       43%         3
 Fulminant Prism          Conj/Hex       3%         3d5       83%         4
 Passage of Golubria      Tloc           6%         N/A       83%         4
 Yara's Violent Unravell  Hex/Tmut       3%         3d4       99%         5
 Summon Hydra             Summ           3%         N/A       100%        7


Dungeon Overview and Level Annotations

Branches:
Dungeon (8/15)             Temple (1/1) D:7
   Lair: D:8-11

Altars:
Ashenzari
Cheibriados
Fedhas
Gozag
Hepliaklqana
Kikubaaqudgha
Nemelex Xobeh
Okawaru
Ru
Sif Muna
Trog
Vehumet
Wu Jian
Xom
Yredelemnul
Zin
The Shining One

Shops:
D:1 ?   D:3 *


Message History

The centaur warrior is almost dead.
You hear some strange, mumbled words.
A puff of flame appears from out of thin air!
You block the puff of flame.
The orc priest calls down the wrath of Beogh upon you.
Beogh smites you!
* * * LOW HITPOINT WARNING * * *
The centaur warrior hits you.
* * * LOW HITPOINT WARNING * * *
You block the centaur warrior's attack.
You hit the centaur warrior but do no damage.
The centaur warrior is almost dead.
You hear some strange, mumbled words.
A magic dart appears from out of thin air!
The magic dart hits you.
* * * LOW HITPOINT WARNING * * *
The orc priest hits you with a +0 club.
* * * LOW HITPOINT WARNING * * *
The centaur warrior misses you. The centaur warrior barely misses you.
It was a potion of flight.
You feel very buoyant.
You fly up into the air.
You block the centaur warrior's attack. The centaur warrior barely misses you.
Something hits you but does no damage. The orc priest barely misses you.
Okay, then.
It was a potion of curing.
You feel better. The centaur warrior misses you.
The centaur warrior kicks you but does no damage.
You hear some strange, mumbled words.
A puff of flame appears from out of thin air!
The puff of flame misses you.
The orc priest looks braver for a moment.
The centaur warrior barely misses you.
The centaur warrior kicks you but does no damage.
You hit the centaur warrior. You burn the centaur warrior.
You kill the centaur warrior!
Something hits you but does no damage.
The orc priest mumbles some strange prayers to Beogh against you.
Beogh smites you!
You die...
Your body disappears without a glow.

## ######## #.# #......#
### #.# #.####.## ##.## ##
#.####{####..####.#.## #.#
##..†@)o......#.......
#.###.#.##o.##......#####.
#.#.##.##..###...#..###.>
#.###.##............#.#.
#.# #.#######..##.##.##.
#.###.#######..##.#####÷
##...#..........##.....>.
#.....########...########
##.....### .. #


You could see an orc priest and an orc.

Vanquished Creatures
  A centaur warrior (D:8)
  A troll (D:7)
  Grinder (D:5)
  5 yaks (D:8)
  A wyvern (D:8)
  4 steam dragons
  A water moccasin (D:5)
  2 orc warriors (D:6)
  An ice beast (D:6)
  A sky beast (D:6)
  An ogre (D:7)
  A phantom (D:7)
  Blork the orc (D:5)
  2 necrophages
  2 scorpions
  3 killer bees
  9 howler monkeys
  2 hounds
  A jelly (D:7)
  A gnoll bouda (D:7)
  An orc priest (D:7)
  5 iguanas
  5 orc wizards
  11 gnolls
  7 adders
  A shadow imp (D:5)
  2 white imps (D:7)
  A worm (D:2)
  2 dart slugs
  22 orcs
  5 bats
  3 endoplasms
  3 giant cockroaches
  7 goblins
  7 hobgoblins
  8 jackals
  6 quokkas
  7 ball pythons
  3 frilled lizards
  5 kobolds
  6 rats
158 creatures vanquished.

Vanquished Creatures (others)
  An orc wizard (D:8)
1 creature vanquished.

Grand Total: 159 creatures vanquished

Notes
Turn   | Place    | Note
-------+----------+-------------------------------------------
     0 | D:1      | Lobster4 the Human Wanderer began the quest for the Orb.
     0 | D:1      | Lobster4 set off with the following items: a +0 dagger, 9
                  | poisoned darts, a +0 buckler of protection, a scroll of
                  | blinking, a +0 robe; and the following spell memorised:
                  | Freeze; and the following spells available to memorise:
                  | Ozocubu's Armour.
     0 | D:1      | Reached XP level 1. HP: 13/13 MP: 2/2
    26 | D:1      | Found Hoifid's Magic Scroll Shoppe.
   213 | D:1      | Reached XP level 2. HP: 17/19 MP: 3/3
   649 | D:1      | Reached XP level 3. HP: 25/25 MP: 4/4
   871 | D:2      | Identified the ring "Esmur" {rPois Will+ Int+6 Stlth+}
   980 | D:2      | Learned a level 3 spell: Ozocubu's Armour
  1078 | D:2      | Found a faded altar of an unknown god.
  1158 | D:2      | Reached XP level 4. HP: 31/31 MP: 5/5
  1166 | D:2      | Reached skill level 1 in Dodging
  1271 | D:2      | Reached skill level 1 in Short Blades
  1280 | D:2      | Reached skill level 1 in Fighting
  1286 | D:2      | HP: 1/32 [gnoll/+0 flail (10)]
  1777 | D:2      | Reached XP level 5. HP: 33/37 MP: 7/7
  2277 | D:3      | Found Ikeolui's Assorted Antiques.
  2584 | D:3      | Bought an embroidered cloak for 187 gold pieces
  2710 | D:4      | Reached skill level 2 in Ice Magic
  2710 | D:4      | Reached XP level 6. HP: 43/44 MP: 8/8
  3120 | D:5      | Entered Level 5 of the Dungeon
  3120 | D:5      | Noticed Grinder
  3121 | D:5      | Noticed Blork the orc
  3329 | D:1      | Bought a scroll of poison for 48 gold pieces
  3329 | D:1      | Bought a scroll of identify for 24 gold pieces
  3417 | D:5      | Identified the +8 short sword of the Old World {flame, rF+
                  | Str+2 Dex+3}
  3529 | D:4      | Reached XP level 7. HP: 50/50 MP: 10/10
  3573 | D:5      | Noticed a water moccasin
  3592 | D:5      | Killed a water moccasin
  3683 | D:5      | Paralysed by Grinder for 2 turns
  3694 | D:5      | Paralysed by Grinder for 4 turns
  3702 | D:5      | Paralysed by Grinder for 5 turns
  4018 | D:1      | Bought a scroll of identify for 24 gold pieces
  4087 | D:5      | Reached skill level 3 in Ice Magic
  4109 | D:5      | Killed Grinder
  4110 | D:5      | Reached XP level 8. HP: 47/58 MP: 10/12
  4122 | D:5      | Killed Blork the orc
  4416 | D:5      | Identified the +0 dagger of Lach {venom, rPois rC- Str+9
                  | Dex-2}
  4649 | D:6      | Found a radiant altar of Vehumet.
  4796 | D:6      | Reached skill level 4 in Ice Magic
  4843 | D:6      | Reached skill level 5 in Shields
  4851 | D:6      | Reached XP level 9. HP: 14/65 MP: 6/15
  5049 | D:6      | Identified the +0 ring mail "Sauphihe" {*Corrode rF++
                  | Dex+4}
  5778 | D:7      | Reached skill level 5 in Ice Magic
  5823 | D:7      | Reached skill level 1 in Stealth
  5823 | D:7      | Found a staircase to the Ecumenical Temple.
  5843 | D:7      | Identified the +1 spear of the Past {antimagic, rElec Int+5
                  | Stlth+}
  5848 | Temple   | Entered the Ecumenical Temple
  6064 | Temple   | Became a worshipper of Nemelex Xobeh the Trickster
  6153 | D:7      | Noticed a troll
  6161 | D:7      | Killed a troll
  6533 | D:7      | Identified the +0 ring mail "Seawka" {Fly Will- Regen+
                  | Int+3}
  6756 | D:7      | Reached skill level 5 in Fighting
  6760 | D:7      | Reached XP level 10. HP: 72/74 MP: 17/17
  6763 | D:7      | Reached skill level 5 in Short Blades
  6948 | D:8      | Reached skill level 5 in Spellcasting
  7142 | D:8      | Reached skill level 6 in Ice Magic
  7356 | D:8      | Noticed a centaur warrior
  7379 | D:8      | HP: 3/76 [something/magic dart (6)]
  7379 | D:8      | HP: 1/76 [orc priest/+0 club (2)]
  7382 | D:8      | Killed a centaur warrior
  7382 | D:8      | Killed from afar by an orc priest

Illustrated notes

Levels and vault maps discovered:
D:1:      minmay_arrival_cross, layout_loops_ring, serial_shops, shop
D:2:      layout_basic, basic_ecumenical_altar
D:3:      layout_loops_ring, serial_shops, nicolae_shop_crystal
D:4:      nicolae_cairo_tiling_large, layout_rooms
D:5:      layout_cave_pools, uniq_grinder, uniq_blork_the_orc
D:6:      cheibrodos_steamvent, layout_basic, mainiacjoe_overflow_alcove_4,
          minmay_misc_feat_roman, hangedman_abyss_or_decor_slice
D:7:      layout_rooms, minmay_temple_entry_offerings, hex_medium
D:8:      layout_loops_corners, gammafunk_temple_overflow_statue,
          mainiacjoe_overflow_brackets, david_lair_generic, minmay_radiant
Temple:   regret_index_temple_sphere_string

Skill      XL: |  1  2  3  4  5  6  7  8  9 10 |
---------------+-------------------------------+-----
Dodging        | 1 2 3 4 |  4.0
Short Blades   | 1 2 3 4 5 |  5.0
Fighting       | 1 2 3 4 5 |  5.9
Throwing       | 2 |  2.0
Ice Magic      | 2 3 4 5 6 |  6.1
Spellcasting   | 2 3 4 5 |  5.5
Armour         | 3 4 |  4.0
Shields        | 4 5 |  5.0
Stealth        | 2 3 |  3.0
Invocations    | 3 |  3.6
Evocations     | |  1.0

Action                     |  1- 3 |  4- 6 |  7- 9 | 10-12 || total
---------------------------+-------+-------+-------+-------++-------
  Melee: Short sword       |   128 |   152 |   237 |    91 ||   608
         Dagger            |    17 |       |       |       ||    17
         Unarmed           |       |       |    23 |       ||    23
  Throw: Dart              |       |    23 |    12 |       ||    35
         Throwing net      |       |       |     1 |       ||     1
         Boomerang         |       |       |       |     2 ||     2
   Cast: Freeze            |     7 |     6 |    11 |    10 ||    34
         Ozocubu's Armour  |       |       |     1 |     2 ||     3
  Evoke: Wand              |       |       |       |     1 ||     1
    Use: Scroll            |     1 |    11 |     4 |       ||    16
         Potion            |       |       |     2 |     2 ||     4
   Stab: Sleeping          |     7 |     4 |       |     1 ||    12
         Distracted        |       |     1 |     1 |     1 ||     3
 Armour: Robe              |    42 |    15 |       |       ||    57
         Leather armour    |       |    29 |    57 |    42 ||   128
         Skin              |       |       |     2 |       ||     2
  Dodge: Dodged            |    69 |    73 |   113 |    53 ||   308
  Block: Buckler           |    29 |    28 |    59 |    25 ||   141

Table legend: (Time is in decaauts)
 A = Elapsed time spent in this place.
 B = Non-inter-level travel time spent in this place.
 C = Inter-level travel time spent in this place.
 D = Time resting spent in this place.
 E = Time spent auto-exploring this place.
 F = Levels seen in this place.
 G = Mean time per level.
                   A        B        C        D        E       F      G
               +--------+--------+--------+--------+--------+-----+--------+
         Total |   7335 |   6705 |    630 |    970 |   3904 |   9 |  815.0 |
       Dungeon |   7103 |   6488 |    615 |    970 |   3715 |   8 |  887.9 |
        Temple |    232 |    217 |     15 |      0 |    189 |   1 |  232.0 |
               +--------+--------+--------+--------+--------+-----+--------+

Top non-repeatable levels by time:
     D:6: 1251 daAuts
     D:2: 1183 daAuts
     D:4: 924 daAuts
     D:1: 841 daAuts
     D:5: 831 daAuts
     D:7: 816 daAuts
     D:3: 776 daAuts
     D:8: 479 daAuts
  Temple: 232 daAuts
